 Dungeon Crawl Stone Soup version 0.26-a0-830-g2a559e7be2 (webtiles) character file.

Game seed: 2815945480091584978

6423 Peloso the Blocker (level 10, -4/88 HPs)
             Began as a Minotaur Fighter on Nov 15, 2020.
             Was a High Priest of Okawaru.
             Slain by a sun demon (25 damage)
             ... summoned by a kobold demonologist
             ... on level 9 of the Dungeon.
             The game lasted 00:14:53 (8328 turns).

Peloso the Blocker (Minotaur Fighter)               Turns: 8328, Time: 00:14:54

Health: -4/88      AC:  3    Str: 26    XL:     10   Next: 67%
Magic:  0/9        EV:  9    Int:  5    God:    Okawaru [*****.]
Gold:   312        SH: 13    Dex: 12    Spells: 9/9 levels left

rFire    . . .     SeeInvis .   a - +7 mace of Risokh {vamp, rElec rN+ Str+4 Stlth+}
rCold    + . .     Faith    .   c - +1 kite shield
rNeg     + . .     Spirit   +   j - +0 chain mail
rPois    .         Reflect  .   (helmet restricted)
rElec    +         Harm     .   (no cloak)
rCorr    .         Rampage  .   (no gloves)
MR       .....                  (no boots)
Stlth    ..........             z - amulet of guardian spirit
HPRegen  0.24/turn              q - ring of protection from cold
MPRegen  0.11/turn              (no ring)

@: corroded
A: retaliatory headbutt, horns 2
a: Heroism, Finesse, Renounce Religion


You were on level 9 of the Dungeon.
You worshipped Okawaru.
Okawaru was extremely pleased with you.
You visited 2 branches of the dungeon, and saw 10 of its levels.

You collected 312 gold pieces.

Inventory:

Hand Weapons
 a - the +7 mace of Risokh (weapon) {vamp, rElec rN+ Str+4 Stlth+}
   (You found it on level 5 of the Dungeon)

   It inflicts no extra harm, but heals its wielder when it wounds a living foe.
   It affects your strength (+4).
   It insulates you from electricity.
   It protects you from negative energy.
   It makes you more stealthy.
 b - a +2 falchion of holy wrath
Armour
 c - a +1 kite shield (worn)
 j - a +0 chain mail (worn)
Jewellery
 q - a ring of protection from cold (left hand)
 v - a +4 ring of evasion
 w - an uncursed ring of see invisible
 z - an amulet of guardian spirit (around neck)
Wands
 u - a wand of iceblast (2)
 B - a wand of paralysis (9)
Scrolls
 g - 7 scrolls of teleportation
 h - a scroll of identify
 i - 9 scrolls of remove curse
 k - 2 scrolls of magic mapping {unknown}
 m - 4 scrolls of enchant armour
 o - 2 scrolls of immolation
 p - a scroll of enchant weapon {unknown}
 s - 6 scrolls of amnesia {unknown}
 t - a scroll of fog {unknown}
 x - 2 scrolls of blinking {unknown}
 y - a scroll of noise {unknown}
Potions
 d - a potion of might
 e - 7 potions of curing
 f - 2 potions of invisibility
 l - a potion of magic
 n - a potion of berserk rage
 r - 2 potions of flight
 A - a potion of heal wounds {unknown}
 C - a potion of haste
 D - a potion of ambrosia {unknown}
 E - 2 potions of mutation {unknown}


   Skills:
 + Level 8.0 Fighting
 + Level 8.0 Long Blades
 + Level 9.5 Maces & Flails
 + Level 9.2 Armour
 + Level 3.0 Dodging
 + Level 0.2 Stealth
 + Level 10.2 Shields
 + Level 0.4 Invocations


You had 9 spell levels left.
You didn't know any spells.
Your spell library contained the following spells:

 Spells                   Type           Power        Failure   Level
 Animate Skeleton         Necr           #.....       99%         1
 Apportation              Tloc           #.....       99%         1
 Corona                   Hex            #......      99%         1
 Freeze                   Ice            #...         99%         1
 Summon Small Mammal      Summ           #...         99%         1
 Frozen Ramparts          Ice            #.....       100%        3
 Ozocubu's Armour         Ice            #.......     100%        3
 Hailstorm                Conj/Ice       #.......     100%        4
 Summon Ice Beast         Ice/Summ       #.......     100%        4


Dungeon Overview and Level Annotations

Branches:
Dungeon (9/15)             Temple (1/1) D:4
   Lair: D:8-11         Orc: D:9-12

Altars:
Dithmenos
Elyvilon
Gozag
Okawaru
Uskayaw
Yredelemnul
Zin
The Shining One

Annotations:
D:9 3 runed translucent doors, Necrophagist's ghost, journeyman FoBe


Innate Abilities, Weirdness & Mutations

You reflexively headbutt those who attack you in melee.
You have a pair of horns on your head.


Message History

The crimson imp hits you but does no damage.
You hit the sun demon. Your headbutt misses the sun demon.
The sun demon is lightly wounded.
The crimson imp hits you but does no damage.
The sun demon closely misses you. You furiously retaliate!
You headbutt the sun demon, but do no damage.
You hit the sun demon but do no damage. Your headbutt misses the sun demon.
The sun demon is lightly wounded.
The sun demon hits you!
You are engulfed in flames!
You closely miss the sun demon.
The sun demon is lightly wounded.
The crimson imp summons a swarm of flies.
The crimson imp blinks!
The sun demon hits you!
You are engulfed in flames!
* * * LOW HITPOINT WARNING * * *
You hit the sun demon but do no damage. Your headbutt misses the sun demon.
The sun demon is lightly wounded.
The crimson imp closely misses you. You furiously retaliate!
You headbutt the crimson imp, but do no damage.
The sun demon hits you!!
You die...

#.'...#.#.).'.#
#.#...#.###.###
#.#...#.#.'.).###
#.###'#.###.###..
#.......#_'.'.#..
#....##'#######..
###.###.......#...
#.5G..#.......'...
#@#4###.......#...
#.3K..#########...
###.#.# ..........
....# ..........
#.### ..........
... .......... ##
.........#
.........#
.######..#


You could see a sun demon (summoned), a kobold demonologist, an eye of draining
and a crimson imp (summoned).

Vanquished Creatures
  Harold (D:7)
  The ghost of hemabe71 the Charlatan, a novice HuAr of Trog (D:8)
  Pikel (D:8)
  Maggie (D:8)
  Menkaure (D:7)
  2 orc warriors
  2 phantoms
  3 ice beasts
  5 ogres
  4 centaurs
  A big kobold (D:7)
  A bullfrog (D:9)
  A gnoll sergeant (D:7)
  8 scorpions
  14 wights
  8 howler monkeys
  2 electric eels (D:8)
  2 bullfrog zombies (D:6)
  5 hounds
  4 human zombies (D:9)
  2 quasits
  A jelly (D:5)
  2 orc priests
  Crazy Yiuf (D:5)
  A centaur skeleton (D:4)
  6 iguanas
  4 orc wizards
  6 worker ants
  An ogre skeleton (D:9)
  A hound skeleton (D:6)
  3 mummies (D:9)
  A worker ant zombie (D:4)
  A howler monkey zombie (D:8)
  6 adders
  8 gnolls
  A howler monkey skeleton (D:7)
  6 white imps
  An adder zombie (D:7)
  2 adder skeletons
  2 worms
  A dart slug (D:1)
  4 leopard geckos
  19 orcs
  3 bats
  4 giant cockroaches
  10 goblins
  4 hobgoblins
  20 jackals
  4 kobolds
  4 quokkas
  3 ball pythons
  7 frilled lizards
  A leopard gecko skeleton (D:5)
  7 rats
214 creatures vanquished.

Vanquished Creatures (others)
  Eustachio (D:5)
  An orc (D:5)
2 creatures vanquished.

Grand Total: 216 creatures vanquished

Notes
Turn   | Place    | Note
-------+----------+-------------------------------------------
     0 | D:1      | Peloso the Minotaur Fighter began the quest for the Orb.
     0 | D:1      | Reached XP level 1. HP: 19/19 MP: 0/0
   105 | D:1      | Reached XP level 2. HP: 19/27 MP: 1/1
   109 | D:1      | Reached skill level 4 in Shields
   540 | D:2      | Found a faded altar of an unknown god.
   732 | D:2      | Reached XP level 3. HP: 33/33 MP: 2/2
  1317 | D:3      | Reached XP level 4. HP: 13/40 MP: 3/3
  1768 | D:3      | Noticed an ogre
  1775 | D:3      | Killed an ogre
  1776 | D:3      | Reached skill level 5 in Armour
  1776 | D:3      | Reached XP level 5. HP: 47/47 MP: 4/4
  1877 | D:3      | Reached skill level 5 in Shields
  2103 | D:4      | Noticed an ogre
  2116 | D:4      | Killed an ogre
  2117 | D:4      | Reached XP level 6. HP: 30/53 MP: 5/5
  2262 | D:4      | Found a shadowy altar of Dithmenos.
  2299 | D:4      | Reached skill level 5 in Long Blades
  2708 | D:4      | Found a staircase to the Ecumenical Temple.
  2762 | Temple   | Entered the Ecumenical Temple
  2772 | Temple   | Became a worshipper of Warmaster Okawaru
  3138 | D:4      | Noticed an ice beast
  3159 | D:4      | Killed an ice beast
  3160 | D:4      | Reached skill level 1 in Dodging
  3160 | D:4      | Reached XP level 7. HP: 36/60 MP: 6/6
  3309 | D:4      | Reached skill level 6 in Shields
  3611 | D:4      | Reached * piety under Okawaru
  3807 | D:5      | Entered Level 5 of the Dungeon
  3939 | D:5      | Reached XP level 8. HP: 57/67 MP: 7/7
  3945 | D:5      | Reached skill level 5 in Fighting
  4026 | D:5      | Noticed Eustachio
  4068 | D:5      | Killed Eustachio
  4069 | D:5      | Reached skill level 7 in Shields
  4128 | D:5      | Found a runed translucent door.
  4129 | D:5      | Noticed Crazy Yiuf
  4137 | D:5      | Killed Crazy Yiuf
  4147 | D:5      | Got an ivory mace
  4148 | D:5      | Identified the +7 mace of Risokh {vamp, rElec rN+ Str+4
                  | Stlth+} (You found it on level 5 of the Dungeon)
  4559 | D:5      | Reached skill level 1 in Maces & Flails
  4683 | D:5      | Reached ** piety under Okawaru
  5102 | D:6      | Reached XP level 9. HP: 67/75 MP: 8/8
  5849 | D:7      | Reached skill level 8 in Shields
  5932 | D:7      | Noticed Harold
  5964 | D:7      | Reached skill level 5 in Maces & Flails
  5972 | D:7      | Killed Harold
  5972 | D:7      | Reached *** piety under Okawaru
  6318 | D:7      | Noticed Menkaure
  6325 | D:7      | Killed Menkaure
  6325 | D:7      | Reached **** piety under Okawaru
  6703 | D:7      | Found an iron altar of Okawaru.
  6820 | D:8      | Reached XP level 10. HP: 86/86 MP: 9/9
  6848 | D:8      | Noticed Maggie
  6858 | D:8      | Killed Maggie
  6859 | D:8      | Reached skill level 9 in Shields
  6897 | D:8      | Noticed Pikel
  6908 | D:8      | Killed Pikel
  7210 | D:8      | Found a runed translucent gate.
  7211 | D:8      | Found a runed translucent gate.
  7212 | D:8      | Found a runed translucent gate.
  7214 | D:8      | Noticed hemabe71's ghost (novice HuAr)
  7509 | D:8      | Killed hemabe71's ghost
  7774 | D:9      | Reached ***** piety under Okawaru
  7813 | D:9      | Reached skill level 10 in Shields
  8145 | D:9      | Found a runed translucent gate.
  8145 | D:9      | Found a runed translucent gate.
  8145 | D:9      | Found a runed translucent gate.
  8150 | D:9      | Noticed Necrophagist's ghost (journeyman FoBe)
  8267 | D:9      | Found a basalt altar of Yredelemnul.
  8317 | D:9      | Found an opulent altar of Gozag.
  8318 | D:9      | Noticed a rust devil
  8321 | D:9      | Noticed a sun demon
  8328 | D:9      | Slain by a sun demon

Illustrated notes

Levels and vault maps discovered:
D:1:      psy_arrival_radial01, layout_rooms, minivault_25,
          minmay_misc_feat_tiny, minmay_small_reverse_x
D:2:      layout_loops_cross, chequers_ecumenical_altar_twisty
D:3:      layout_basic
D:4:      minmay_thinvault, layout_basic, minmay_temple_entry_wispy,
          nicolae_dithmenos_shadow_blocks
D:5:      layout_loops_cross, chequers_serial_rivers_micro_a,
          uniq_crazy_yiuf_cottage, uniq_eustachio
D:6:      layout_cave_pods
D:7:      layout_rooms, basic_altar, uniq_harold, uniq_menkaure
D:8:      layout_basic, ebering_ghost_rock_garden, uniq_pikel, uniq_maggie
D:9:      layout_irregular_city, lemuel_mausoleum_altar_yredelemnul,
          serial_shops, shop, gammafunk_ghost_necromancy,
          nicolae_gozag_cash_rules_everything_around_me
Temple:   compressed_dpeg_circular_temple

Skill      XL: |  1  2  3  4  5  6  7  8  9 10 |
---------------+-------------------------------+-----
Shields        | 4 5 6 7 8 10 | 10.2
Armour         | 4 5 6 7 8 9 |  9.2
Fighting       | 4 6 7 8 |  8.0
Long Blades    | 3 4 5 7 8 |  8.0
Dodging        | 1 2 3 |  3.0
Maces & Flails | 3 7 9 |  9.5
Stealth        | |  0.2
Invocations    | |  0.4

Action                   |  1- 3 |  4- 6 |  7- 9 | 10-12 || total
-------------------------+-------+-------+-------+-------++-------
Melee: Long sword        |    81 |   116 |   135 |       ||   332
       Headbutt          |    13 |    13 |    67 |    35 ||   128
       Mace              |       |       |   215 |   155 ||   370
Invok: Heroism           |       |       |     1 |     2 ||     3
  Use: Potion            |     3 |     1 |       |       ||     4
       Scroll            |       |       |     9 |       ||     9
Armor: Scale mail        |    13 |       |       |       ||    13
       Chain mail        |    23 |    54 |   120 |    28 ||   225
Dodge: Dodged            |    17 |    31 |    84 |    28 ||   160
Block: Kite shield       |    43 |    60 |   206 |    69 ||   378
       Rpst.: Long sword |     9 |     9 |     8 |       ||    26

Table legend: (Time is in decaauts)
 A = Elapsed time spent in this place.
 B = Non-inter-level travel time spent in this place.
 C = Inter-level travel time spent in this place.
 D = Time resting spent in this place.
 E = Time spent auto-exploring this place.
 F = Levels seen in this place.
 G = Mean time per level.
                   A        B        C        D        E       F      G
               +--------+--------+--------+--------+--------+-----+--------+
         Total |   8438 |   8087 |    351 |    216 |   6043 |  10 |  843.8 |
       Dungeon |   8417 |   8066 |    351 |    216 |   6039 |   9 |  935.2 |
        Temple |     21 |     21 |      0 |      0 |      4 |   1 |   21.0 |
               +--------+--------+--------+--------+--------+-----+--------+

Top non-repeatable levels by time:
     D:4: 1711 daAuts
     D:5: 1205 daAuts
     D:7: 1016 daAuts
     D:3: 949 daAuts
     D:6: 829 daAuts
     D:8: 780 daAuts
     D:9: 734 daAuts
     D:2: 672 daAuts
     D:1: 517 daAuts
  Temple: 21 daAuts
